 Dungeon Crawl Stone Soup version 0.21-a0-442-g848f44b (webtiles) character file.

1838 theanonym the Cleaver (level 8, -1/71 HPs)
             Began as a Minotaur Chaos Knight on Nov 16, 2017.
             Slain by a shadow (6 damage)
             ... summoned by the capriciousness of Xom
             ... on level 7 of the Dungeon.
             The game lasted 00:11:27 (6055 turns).

theanonym the Cleaver (Minotaur Chaos Knight)       Turns: 6055, Time: 00:11:28

Health: -1/71      AC: 10    Str: 23    XL:     8   Next: 87%
Magic:  7/7        EV:  8    Int:  9    God:    Xom [......]
Gold:   421        SH:  4    Dex: 13    Spells: 7/7 levels left

rFire    . . .     SeeInvis .   p - +0 war axe
rCold    . . .     Gourm    .   u - +0 buckler
rNeg     . . .     Faith    .   k - +0 chain mail (curse)
rPois    .         Spirit   .   (helmet restricted)
rElec    .         Reflect  .   h - +1 cloak
rCorr    .         Harm     .   (no gloves)
MR       .....                  (no boots)
Stlth    ..........             q - amulet of rage {+Rage}
HPRegen  0.21/turn              w - +2 ring of dexterity
MPRegen  0.10/turn              (no ring)

@: mighty
A: retaliatory headbutt, horns 2
a: Renounce Religion, Evoke Berserk Rage


Innate Abilities, Weirdness & Mutations

You reflexively headbutt those who attack you in melee.
You have a pair of horns on your head.


   Skills:
 + Level 6.5 Fighting
 * Level 12.3 Axes
 - Level 2.4 Armour
 - Level 1.1 Dodging
 + Level 3.0 Shields


You had 7 spell levels left.
You didn't know any spells.

Skill      XL: |  1  2  3  4  5  6  7  8 |
---------------+-------------------------+-----
Axes           | 4 5 7 8 10 11 12 | 12.3
Fighting       | 4 6 |  6.5
Shields        | 3 |  3.0
Armour         | |  2.4
Dodging        | |  1.1

Action                   |  1- 3 |  4- 6 |  7- 9 || total
-------------------------+-------+-------+-------++-------
Melee: Hand axe          |   117 |    26 |       ||   143
       Headbutt          |    17 |    12 |    35 ||    64
       War axe           |       |   100 |   168 ||   268
Throw: Tomahawk          |       |       |     3 ||     3
 Abil: Evoke Berserk Rag |       |       |     1 ||     1
  Use: Scroll            |     2 |     1 |     2 ||     5
       Potion            |       |     4 |     4 ||     8
  Eat: Chunk             |     2 |     6 |     3 ||    11
       Meat ration       |       |       |     2 ||     2
       Royal jelly       |       |       |     1 ||     1
Armor: Leather armour    |    22 |       |       ||    22
       Chain mail        |    39 |    69 |    91 ||   199
       Skin              |       |    31 |       ||    31
Dodge: Dodged            |    43 |    50 |    45 ||   138
Block: Buckler           |       |       |    22 ||    22

Inventory:

Hand Weapons
 p - a +0 war axe (weapon)
   (You took it off an orc on level 3 of the Dungeon)
Missiles
 t - a tomahawk (quivered)
Armour
 h - a +1 cloak (worn)
   (You found it on level 5 of the Dungeon)
 k - a cursed +0 chain mail (worn)
   (You found it on level 2 of the Dungeon)
 u - a +0 buckler (worn)
   (You found it on level 5 of the Dungeon)
Magical Staves
 x - an uncursed staff of poison {unknown}
   (You found it on level 6 of the Dungeon)
Jewellery
 q - an amulet of rage (around neck) {+Rage}
   (You found it on level 3 of the Dungeon)
 w - a +2 ring of dexterity (left hand)
   (You found it on level 6 of the Dungeon)
Scrolls
 b - 2 scrolls of magic mapping {!r}
 d - 2 scrolls of noise
 e - 5 scrolls of teleportation {unknown}
 g - a scroll of enchant armour {unknown}
 i - 2 scrolls of fog {unknown}
 n - 2 scrolls of recharging {unknown}
 o - 5 scrolls of remove curse {unknown}
 r - a scroll of identify
 s - 2 scrolls of enchant weapon {unknown}
Potions
 a - a potion of curing
 l - 2 potions of degeneration
Comestibles
 c - 5 bread rations
 j - 4 meat rations

Dungeon Overview and Level Annotations

Branches:
Dungeon (7/15)             Temple (0/1) D:5

Altars:
Cheibriados
Fedhas
Gozag
Hepliaklqana
Nemelex Xobeh
Trog
Vehumet
Yredelemnul

Shops:
D:5 %


You were on level 7 of the Dungeon.
You worshipped Xom.
You were a very special plaything of Xom.
You were not hungry.

You visited 1 branch of the dungeon, and saw 7 of its levels.

You collected 421 gold pieces.


Message History

You are too injured to fight recklessly!
The crimson imp shouts!
The crimson imp blinks!
Things that are here:
a spear; a robe; a tomahawk The crimson imp blinks!
A crimson imp is nearby!
You start resting.
The crimson imp blinks!
You are too injured to fight recklessly!
You are too injured to fight recklessly!
You are too injured to fight recklessly!
The crimson imp blinks!
The crimson imp spits at you. The crimson imp completely misses you.
Your shield and chain mail prevent you from hitting the crimson imp.
The crimson imp barely misses you.
Your shield and chain mail prevent you from hitting the crimson imp.
You headbutt the crimson imp!
The crimson imp hits you but does no damage.
You closely miss the crimson imp.
The crimson imp hits you but does no damage.
You miss the crimson imp. Your headbutt misses the crimson imp.
The crimson imp hits you but does no damage.
You closely miss the crimson imp. You block the crimson imp's attack.
You closely miss the crimson imp. You headbutt the crimson imp.
The crimson imp barely misses you.
You slash the crimson imp!
You kill the crimson imp!
Your base Axes skill increases to level 12!
s - 2 scrolls labeled SAYCUECZAP (gained 1)
You now have 407 gold pieces (gained 30).
t - a tomahawk
Things that are here:
a spear; a robe You start resting.
You regained 8 hp, and now have 55/70 hp.
Joseph is nearby!
Joseph shouts!
Joseph unwields an uncursed quarterstaff.
Joseph wields a hunting sling.
Joseph shoots a sling bullet.
The sling bullet hits you!
Things that are here:
a sling bullet; a spear; a robe You take 12 damage, and have 43/70 hp.
Joseph shoots a sling bullet.
You block the sling bullet.
You see here a sling bullet.
You now have 421 gold pieces (gained 14).
You start resting.
You closely miss Joseph. You headbutt Joseph.
Joseph unwields an uncursed hunting sling.
Joseph wields an uncursed quarterstaff.
Joseph hits you with an uncursed quarterstaff!
You take 6 damage, and have 39/70 hp.
You hit Joseph. Your headbutt misses Joseph.
Joseph hits you with an uncursed quarterstaff!
* * * LOW HITPOINT WARNING * * *
You take 7 damage, and have 32/70 hp.
You feel very mighty all of a sudden. You block Joseph's attack.
Your shield and chain mail prevent you from hitting Joseph.
You barely miss Joseph.
Joseph hits you with an uncursed quarterstaff!
* * * LOW HITPOINT WARNING * * *
You take 9 damage, and have 23/70 hp.
Your chain mail prevents you from hitting Joseph.
Joseph hits you with an uncursed quarterstaff!
* * * LOW HITPOINT WARNING * * *
You take 9 damage, and have 14/70 hp.
You slash Joseph! You headbutt Joseph!!
Joseph hits you with an uncursed quarterstaff!
* * * LOW HITPOINT WARNING * * *
You take 8 damage, and have 6/70 hp.
You slash Joseph! You headbutt Joseph!
Joseph hits you with an uncursed quarterstaff.
* * * LOW HITPOINT WARNING * * *
You take 3 damage, and have 3/70 hp.
You feel better.
Joseph hits you with an uncursed quarterstaff.
* * * LOW HITPOINT WARNING * * *
You closely miss Joseph. You headbutt Joseph.
You kill Joseph!
Your life force feels restored.
Your Shields skill gained 2 levels and is now at level 3!
Xom notices you. Flickering shadows surround you.
Items here: ( )) [ an uncursed quarterstaff; an uncursed hunting sling; 25 sling bullets a leather armour The shadow slips into darkness.
The shadow flickers and vanishes!
Deactivating autopickup; reactivate with Ctrl-A.
As you read the scroll labeled NOAZOI ARIMYI, it crumbles to dust.
You feel aware of your surroundings.
It was a scroll of magic mapping.
You hit the shadow.
You headbutt the shadow, but do no damage.
The shadow hits you.
Your chain mail prevents you from hitting the shadow.
You closely miss something. The shadow hits you.
You die...

*,*********#.# *,* #.# ### *,*
#####.####.###
**,**####......((....###
*,,,,..........((..⌠.⌠.####
****,,**##.#.#.#.###).._.....#
,,,,,,**##.#.#.#.# #.)⌠.⌠.##.####
*****,*#.......W{# #†##.#.##.....
*,,.......#.@# #)##...##..#..
*******#.#.##....# #.####@##..#.#
*,,,,,**,#<*##.#.# #.......(..#.#
*,***,**,*,* #.#.########.##(##..
,,,,,,,,,*,**#..............(....
*,,,*,***,,,*#...#.#####..##.#...
*,,,,,**,,,,,......#####..##.#...
**,,***,**,**,#...........##.#...
**,,,,,,*****,,,*,######.###.#...


You could see a shadow.

Notes
Turn   | Place    | Note
-------+----------+-------------------------------------------
     0 | D:1      | theanonym the Minotaur Chaos Knight began the quest for the Orb.
     0 | D:1      | Reached XP level 1. HP: 19/19 MP: 0/0
    42 | D:1      | Reached skill level 4 in Axes
    54 | D:1      | Reached XP level 2. HP: 14/26 MP: 1/1
   276 | D:1      | You fall through a shaft!
   293 | D:2      | Found a bloodstained altar of Trog.
   296 | D:2      | XOM: butterfly on damage
   506 | D:2      | Reached skill level 5 in Axes
   514 | D:2      | Found a radiant altar of Vehumet.
   521 | D:2      | Reached XP level 3. HP: 31/31 MP: 2/2
   542 | D:2      | XOM: smoke on damage
  1161 | D:1      | XOM: severe Conj miscast
  1161 | D:1      | HP: 9/31 [something (22)]
  1177 | D:1      | HP: 9/31 [rat (1)]
  1456 | D:1      | Reached XP level 4. HP: 39/39 MP: 3/3
  1559 | D:1      | Reached skill level 6 in Axes
  2110 | D:3      | XOM: harmless Hex miscast
  2432 | D:3      | Found a snail-covered altar of Cheibriados.
  2449 | D:3      | Found a basalt altar of Yredelemnul.
  2930 | D:4      | Got a fabulously ornate robe
  3077 | D:4      | Reached skill level 7 in Axes
  3077 | D:4      | Reached XP level 5. HP: 45/45 MP: 4/4
  3094 | D:4      | HP: 24/67 [orc priest/divine providence (12)]
  3335 | D:4      | XOM: cleaving
  3337 | D:4      | HP: 17/45 [orc priest/divine providence (9)]
  3346 | D:5      | Entered Level 5 of the Dungeon
  3347 | D:5      | HP: 12/45 [worker ant (2)]
  3353 | D:5      | Reached skill level 8 in Axes
  3531 | D:5      | Found a staircase to the Ecumenical Temple.
  3531 | D:5      | XOM: 8-stop teleportation journey
  3533 | D:5      | HP: 20/45 [orc priest/nerve-wracking pain (11)]
  3534 | D:5      | Reached XP level 6. HP: 23/51 MP: 5/5
  3751 | D:5      | Found Xememm's Food Shoppe.
  3895 | D:5      | Noticed Edmund
  3907 | D:5      | Killed Edmund
  3907 | D:5      | Reached skill level 9 in Axes
  3943 | D:5      | Noticed Prince Ribbit
  3951 | D:5      | XOM: destruction
  3952 | D:5      | Killed Prince Ribbit
  3952 | D:5      | Reached skill level 10 in Axes
  3952 | D:5      | Reached XP level 7. HP: 46/57 MP: 6/6
  4360 | D:5      | XOM: severe Erth miscast
  4363 | D:5      | XOM: cloud trail
  4468 | D:4      | XOM: 9-stop teleportation journey
  4524 | D:4      | XOM: mild Fire miscast
  4628 | D:4      | XOM: harmless Summ miscast
  4795 | D:4      | Reached skill level 4 in Fighting
  5026 | D:6      | XOM: cast spell 'Summon Butterflies'
  5040 | D:6      | XOM: god gift: 43 gold pieces {god gift}
  5114 | D:6      | XOM: silly message
  5130 | D:6      | Found a hazy altar of Hepliaklqana.
  5155 | D:6      | HP: 30/60 [poisoned by a worker ant]
  5163 | D:6      | HP: 30/60 [poisoned by a worker ant]
  5171 | D:6      | HP: 29/60 [poisoned by a worker ant]
  5447 | D:6      | Reached skill level 11 in Axes
  5447 | D:6      | Reached XP level 8. HP: 67/67 MP: 7/7
  5554 | D:7      | Reached skill level 5 in Fighting
  5611 | D:7      | Found an opulent altar of Gozag.
  5611 | D:7      | Found a blossoming altar of Fedhas.
  5615 | D:7      | XOM: mild Tloc miscast
  5626 | D:7      | Noticed Joseph
  5627 | D:7      | XOM: mild Tmut miscast
  5635 | D:7      | XOM: polymorph giant cockroach -> orc
  5641 | D:7      | XOM: blink monster(s)
  5674 | D:6      | XOM: harmless Hex miscast
  5721 | D:6      | XOM: summons 4 hostile demons
  5809 | D:7      | XOM: harmless Ice miscast
  5838 | D:7      | Found a sparkling altar of Nemelex Xobeh.
  5866 | D:7      | XOM: medium Chrm miscast
  5873 | D:7      | Reached skill level 1 in Shields
  5875 | D:7      | HP: 29/70 [wight/enchanted halberd (8)]
  5966 | D:7      | Reached skill level 6 in Fighting
  5988 | D:7      | Reached skill level 12 in Axes
  6042 | D:7      | HP: 32/70 [Joseph/uncursed quarterstaff (7)]
  6046 | D:7      | HP: 14/70 [Joseph/uncursed quarterstaff (10)]
  6047 | D:7      | HP: 6/70 [Joseph/uncursed quarterstaff (8)]
  6050 | D:7      | Killed Joseph
  6050 | D:7      | Reached skill level 3 in Shields
  6051 | D:7      | XOM: medium Necr miscast
  6055 | D:7      | Slain by a shadow

Vanquished Creatures
  Joseph (D:7)
  Prince Ribbit (D:5)
  A hungry ghost (D:6)
  Edmund (D:5)
  An ogre (D:6)
  A wyvern skeleton (D:6)
  5 wights (D:7)
  4 crimson imps
  2 quasits
  3 hounds
  4 orc priests
  An iguana (D:6)
  3 orc wizards
  4 worker ants
  A gnoll (D:4)
  6 adders
  An adder skeleton (D:4)
  3 worms
  3 dart slugs
  4 leopard geckos
  12 orcs
  5 bats
  4 giant cockroaches
  4 goblins
  6 hobgoblins
  13 jackals
  15 kobolds
  2 quokkas
  A ball python (D:2)
  15 frilled lizards
  A quokka zombie (D:7)
  5 rats
133 creatures vanquished.

Vanquished Creatures (others)
  A fire vortex (D:4)
1 creature vanquished.

Grand Total: 134 creatures vanquished
